 Dungeon Crawl Stone Soup version 0.29.1-12-g30fa7ad0bf (webtiles) character file.

Game seed: 11263480698680787907

341 raph the Firebug (level 6, -6/34 HPs)
             Began as a Deep Elf Fire Elementalist on Jan 4, 2023.
             Was an Initiate of Hepliaklqana.
             Killed from afar by Ijyb (8 damage)
             ... with a bolt of light
             ... on level 3 of the Dungeon.
             The game lasted 00:06:15 (4297 turns).

raph the Firebug (Deep Elf Fire Elementalist)       Turns: 4297, Time: 00:06:15

Health: -6/34      AC:  7    Str:  5    XL:     6   Next: 30%
Magic:  5/14       EV: 12    Int: 22    God:    Hepliaklqana [......]
Gold:   110        SH:  0    Dex: 15    Spells: 4/13 levels left

rFire   . . .      SeeInvis .   j - staff of conjuration
rCold   . . .      Faith    .   (no shield)
rNeg    . . .      Spirit   .   d - +0 leather armour
rPois   .          Reflect  .   (no helmet)
rElec   .          Harm     .   e - +0 cloak
rCorr   .          Rampage  .   c - +2 pair of gloves
Will    .....                   (no boots)
Stlth   ++........              (no amulet)
HPRegen 0.11/turn               (no ring)
MPRegen 0.14/turn               (no ring)

@: no status effects
A: no striking features
a: Renounce Religion


You were on level 3 of the Dungeon.
You worshipped Hepliaklqana.
Hepliaklqana was noncommittal.
You visited 1 branch of the dungeon, and saw 3 of its levels.

You collected 110 gold pieces.

Inventory:

Hand Weapons
 g - a +1 dagger
Missiles
 h - 13 poisoned darts
Armour
 a - a +0 robe
 c - a +2 pair of gloves (worn)
 d - a +0 leather armour (worn)
 e - a +0 cloak (worn)
Magical Staves
 j - a staff of conjuration (weapon)
Wands
 i - a wand of digging (3)
Scrolls
 f - 3 scrolls of identify
 m - a scroll of amnesia
Potions
 b - 2 potions of magic
 k - a potion of lignification
 l - a potion of brilliance
 n - a potion of berserk rage
 o - a potion of attraction
 q - a potion of haste {unknown}
 r - a potion of heal wounds {unknown}


   Skills:
 + Level 1.4 Fighting
 + Level 1.3 Armour
 + Level 3.4 Dodging
 + Level 3.7 Stealth
 + Level 4.3 Spellcasting
 + Level 2.6 Conjurations
 * Level 5.0 Fire Magic


You had 4 spell levels left.
You knew the following spells:

 Your Spells              Type           Power      Damage    Failure   Level
a - Foxfire               Conj/Fire      100%       2x1d9     3%          1
b - Scorch                Fire           52%        2d8       3%          2
c - Conjure Flame         Conj/Fire      32%        6-21      11%         3
d - Inner Flame           Hex/Fire       15%        N/A       19%         3

Your spell library contained the following spells:

 Spells                   Type           Power      Damage    Failure   Level
 Flame Wave               Conj/Fire      32%        2d9       34%         4
 Cause Fear               Hex            2%         N/A       86%         4
 Discord                  Hex            2%         N/A       100%        8


Dungeon Overview and Level Annotations

Branches:
Dungeon (3/15)

Altars:
Fedhas
Hepliaklqana

Shops:
D:2 (

Annotations:
D:3 Ijyb


Message History

The orc is severely wounded.
Casting: Foxfire (safe; 3% risk of failure)
Confirm with . or Enter, or press ? or * to list all spells.
You feel a surge of power!
You conjure some foxfire!
The foxfire hits the orc!
You kill the orc!
Casting: Foxfire (safe; 3% risk of failure)
Confirm with . or Enter, or press ? or * to list all spells.
You feel a surge of power!
You conjure some foxfire!
The foxfire hits the orc.
The orc is severely wounded.
The foxfire hits the orc.
You kill the orc!
Ijyb the Twisted Goblin comes into view.
She is wielding a +0 club and carrying a wand of light (12).
Casting: Foxfire (safe; 3% risk of failure)
Confirm with . or Enter, or press ? or * to list all spells.
You feel a surge of power!
You conjure some foxfire!
The foxfire hits the rat!
You kill the rat!
The foxfire hits Ijyb but does no damage.
Ijyb zaps a wand.
The bolt of light hits you!!
Ouch! That really hurt!
* * * LOW HITPOINT WARNING * * *
Casting: Foxfire (safe; 3% risk of failure)
Confirm with . or Enter, or press ? or * to list all spells.
You feel a surge of power!
You conjure some foxfire!
The foxfire hits the orc wizard.
The orc wizard is heavily wounded.
The foxfire hits the orc wizard.
The orc wizard is severely wounded.
The foxfire hits the orc wizard.
The orc wizard is severely wounded.
The foxfire hits the orc wizard.
You kill the orc wizard!
Your Fire Magic skill increases to level 5!
There is an open door here.
You close the door.
Okay, then.
Okay, then.
Ijyb opens the door.
There is an open door here.
Ijyb zaps a wand.
The bolt of light hits you!
You die...

.#.#.#..#.# #.....# ########.
##.#.#.##### ##....# #......#.
##.#.#.##..######..#### #......'.
.....#<#....##..##....###......##
##.#####..).g....####..........##
...#*,,##g.##....# #....#.......
##.#...†)#+###.†#####..§§+.#####.
##.#....##...##'#..##....#.#####.
#..##..##.....##@...'.####....##.
#.###+##)......#....#.####....##.
#.#*,,*#...8..[##..##....#.#..##.
#.#,,,,#.......##'##..####.#..#..
#.#,,,,##.÷...##))##..#.........#
..#*,,*+##...##....#....##.#..#..
.##****,,###'#'....##......#..#..
.# *,,,,##..##).####.>#..#..#..
## *,,,,+..).#### ##.#..#..#..


You could see Ijyb.

Vanquished Creatures
  A jelly (D:3)
  Crazy Yiuf (D:2)
  An orc priest (D:3)
  Jessica (D:3)
  Natasha (thrice) (D:2)
  An orc wizard (D:3)
  2 adders (D:2)
  3 worms
  A dart slug (D:2)
  3 orcs (D:3)
  6 bats
  7 endoplasms
  6 giant cockroaches
  5 goblins
  10 hobgoblins
  11 jackals
  12 kobolds
  4 quokkas
  4 ball pythons
  4 frilled lizards
  6 rats
92 creatures vanquished.

Vanquished Creatures (others)
  242 foxfires
  3 plants (D:2)
245 creatures vanquished.

Grand Total: 337 creatures vanquished

Notes
Turn   | Place    | Note
-------+----------+-------------------------------------------
     0 | D:1      | raph the Deep Elf Fire Elementalist began the quest for the
                  | Orb.
     0 | D:1      | Reached XP level 1. HP: 10/10 MP: 6/6
   283 | D:1      | Found a faded altar of an unknown god.
   312 | D:1      | Reached XP level 2. HP: 16/16 MP: 1/8
   403 | D:1      | Learned a level 2 spell: Scorch
   683 | D:1      | Reached XP level 3. HP: 20/20 MP: 1/9
   687 | D:1      | Learned a level 3 spell: Conjure Flame
  1253 | D:2      | Found Moxke's Antique Weapon Emporium.
  1370 | D:2      | Noticed Natasha
  1377 | D:2      | Learned a level 3 spell: Inner Flame
  1390 | D:2      | Killed Natasha
  1391 | D:2      | Reached skill level 4 in Fire Magic
  1682 | D:2      | Reached XP level 4. HP: 21/24 MP: 7/11
  2022 | D:2      | Noticed Natasha
  2028 | D:2      | Killed Natasha
  2029 | D:2      | Reached skill level 1 in Fighting
  2634 | D:2      | Found a runed translucent door.
  2635 | D:2      | Noticed Crazy Yiuf
  2654 | D:2      | Killed Crazy Yiuf
  2655 | D:2      | Reached XP level 5. HP: 29/29 MP: 1/12
  2977 | D:2      | Noticed Natasha
  2983 | D:2      | Killed Natasha
  3288 | D:3      | Found a hazy altar of Hepliaklqana.
  3297 | D:3      | Reached skill level 1 in Armour
  3371 | D:3      | Became a worshipper of Hepliaklqana the Forgotten
  3572 | D:3      | Noticed Jessica
  3576 | D:3      | Killed Jessica
  3581 | D:3      | Found a blossoming altar of Fedhas.
  3975 | D:3      | Reached XP level 6. HP: 34/34 MP: 6/14
  4288 | D:3      | Noticed Ijyb
  4289 | D:3      | HP: 1/34 [Ijyb/bolt of light (20)]
  4292 | D:3      | Reached skill level 5 in Fire Magic
  4297 | D:3      | Killed from afar by Ijyb

Illustrated notes

Levels and vault maps discovered:
D:1:      minmay_arrival_jagged, layout_loops_ring,
          hellmonk_ecumenical_altar_defaced_shrine
D:2:      kb_forest_paths, layout_basic, serial_shops,
          nicolae_shop_overgrown_old_shop, uniq_natasha, uniq_crazy_yiuf_cottage
D:3:      minmay_bubble_buster, layout_basic, mainiacjoe_overflow_brackets,
          fedhas_altar_2, kennysheep_generic_room_2, uniq_ijyb, uniq_jessica

Skill      XL: |  1  2  3  4  5  6 |
---------------+-------------------+-----
Fire Magic     | 4 5 |  5.0
Stealth        | 3 |  3.7
Fighting       | 1 |  1.4
Conjurations   | 2 |  2.6
Dodging        | 3 |  3.4
Spellcasting   | 4 |  4.3
Armour         | 1 |  1.3

Action                   |  1- 3 |  4- 6 || total
-------------------------+-------+-------++-------
Melee: Dagger            |     3 |     5 ||     8
 Cast: Foxfire           |    56 |    95 ||   151
       Scorch            |    10 |    13 ||    23
       Conjure Flame     |       |     4 ||     4
  Use: Scroll            |       |     9 ||     9
Armor: Leather armour    |    10 |    15 ||    25
Dodge: Dodged            |     9 |    20 ||    29
